SAA
DURHAM RAPIERS @ ATLANTIC CITY SONICS
07/26/2030
 
TOP OF THE 1ST
Durham Rapiers batting - Pitching for Atlantic City Sonics : RHP Lincoln Spooner
Pitching: RHP Lincoln Spooner
Batting: LHB Alberto Garza 0-0: Ball
1-0: Ball
2-0: Ball
3-0: Base on Balls
Batting: RHB Tomás Costello 0-0: Ball
Alberto Garza is caught stealing 2nd base
1-0: Ball
2-0: SINGLE (Groundball, 6M) (infield hit)
Batting: RHB Dave Sienna 0-0: Ball
1-0: Ball
2-0: Called Strike
2-1: Fielders Choice at 2nd, 6-4 (Groundball, 6)
Batting: RHB Vincent Klein 0-0: Called Strike
0-1: Fly out, F6 (Line Drive, 6)
Top of the 1st over - 0 runs, 1 hit, 0 errors, 1 left on base; Durham 0 - Atlantic City 0
BOTTOM OF THE 1ST
Atlantic City Sonics batting - Pitching for Durham Rapiers : RHP Johnnie Bough
Pitching: RHP Johnnie Bough
Batting: LHB Juan Ledezma 0-0: Ball
1-0: Foul Ball, location: 2F
1-1: Ball
2-1: Foul Ball, location: 2F
2-2: Ball
3-2: Strikes out swinging
Batting: RHB José Rodríguez 0-0: Swinging Strike
0-1: Ball
1-1: Called Strike
1-2: Foul Ball, location: 2F
1-2: Ball
2-2: Ball
3-2: Foul Ball, location: 2F
3-2: Foul Ball, location: 2F
3-2: Foul Ball, location: 2F
3-2: Foul Ball, location: 2F
3-2: SINGLE (Groundball, 6M) (infield hit)
Batting: RHB Eddie Sachs 0-0: Called Strike
0-1: Ball
1-1: Foul Ball, location: 2F
1-2: Ball
2-2: Fly out, F6 (Line Drive, 6M)
Batting: LHB Kelvin Abbott 0-0: Ball
1-0: SINGLE (Groundball, 4D)
José Rodríguez to second
Runner from 2nd tries for 3rd, SAFE, no throw
Batting: RHB Alejandro Sánchez 0-0: Ball
1-0: Foul Ball, location: 2F
1-1: Fly out, F8 (Flyball, 89M)
Bottom of the 1st over - 0 runs, 2 hits, 0 errors, 2 left on base; Durham 0 - Atlantic City 0
TOP OF THE 2ND
Durham Rapiers batting - Pitching for Atlantic City Sonics : RHP Lincoln Spooner
Batting: RHB Armando Chamú 0-0: Ball
1-0: Ground out 6-3 (Groundball, 6M)
Batting: RHB Raúl Moreno 0-0: Ball
1-0: Foul Ball, location: 2F
1-1: Fly out, F9 (Flyball, 89M)
Batting: RHB Yoshi Kouda 0-0: Ground out 6-3 (Groundball, 6)
Top of the 2nd over - 0 runs, 0 hits, 0 errors, 0 left on base; Durham 0 - Atlantic City 0
BOTTOM OF THE 2ND
Atlantic City Sonics batting - Pitching for Durham Rapiers : RHP Johnnie Bough
Batting: LHB José Pacheco 0-0: Ball
1-0: Fly out, F9 (Flyball, 89D)
Batting: RHB Jeff Quesenberry 0-0: Fly out, F7 (Flyball, 78S)
Batting: RHB Malcolm Campbell 0-0: Called Strike
0-1: Ball
1-1: SINGLE (Line Drive, 34D)
Batting: SHB Curt Pack 0-0: Ball
1-0: Foul Ball, location: 2F
1-1: DOUBLE (Flyball, 78XD)
Malcolm Campbell to third
Batting: LHB Juan Ledezma 0-0: Ball
1-0: Called Strike
1-1: Ball
2-1: Fly out, F8 (Flyball, 8LD)
Bottom of the 2nd over - 0 runs, 2 hits, 0 errors, 2 left on base; Durham 0 - Atlantic City 0
TOP OF THE 3RD
Durham Rapiers batting - Pitching for Atlantic City Sonics : RHP Lincoln Spooner
Batting: RHB Lu-fang Koo 0-0: Ball
1-0: Ball
2-0: Bunt missed!
2-1: Foul Ball, location: 2F
2-2: Foul Ball, location: 2F
2-2: Ground out 6-3 (Groundball, 6)
Batting: RHB Júlio Gonzáles 0-0: Ball
1-0: Ground out 4-3 (Groundball, 4)
Batting: LHB Alberto Garza 0-0: Ball
1-0: Ball
2-0: Ground out 4-3 (Groundball, 4)
Top of the 3rd over - 0 runs, 0 hits, 0 errors, 0 left on base; Durham 0 - Atlantic City 0
BOTTOM OF THE 3RD
Atlantic City Sonics batting - Pitching for Durham Rapiers : RHP Johnnie Bough
Batting: RHB José Rodríguez 0-0: Ball
1-0: Ball
2-0: Foul Ball, location: 2F
2-1: Ball
3-1: Swinging Strike
3-2: Foul Ball, location: 2F
3-2: Foul Ball, location: 2F
3-2: Base on Balls
Batting: RHB Eddie Sachs 0-0: Foul Ball, location: 2F
0-1: Ball
1-1: Foul Ball, location: 2F
1-2: Foul Ball, location: 2F
1-2: DOUBLE (Flyball, 78D)
José Rodríguez to third
Batting: LHB Kelvin Abbott 0-0: Called Strike
0-1: SINGLE (Groundball, 13S) (infield hit)
Batting: RHB Alejandro Sánchez 0-0: Called Strike
0-1: DOUBLE (Line Drive, 89S)
José Rodríguez scores
Eddie Sachs scores
Kelvin Abbott to third
Batting: LHB José Pacheco 0-0: Ball
1-0: Foul Ball, location: 2F
1-1: Ball
2-1: Foul Ball, location: 2F
2-2: Strikes out swinging
Batting: RHB Jeff Quesenberry 0-0: Called Strike
0-1: Called Strike
0-2: Ball
1-2: Strikes out swinging
Batting: RHB Malcolm Campbell 0-0: Ball
1-0: Ball
2-0: Called Strike
2-1: Called Strike
2-2: Ball
3-2: Fly out, F4 (Popup, 4D)
Bottom of the 3rd over - 2 runs, 3 hits, 0 errors, 2 left on base; Durham 0 - Atlantic City 2
TOP OF THE 4TH
Durham Rapiers batting - Pitching for Atlantic City Sonics : RHP Lincoln Spooner
Batting: RHB Tomás Costello 0-0: SINGLE (Groundball, 6MD)
Batting: RHB Dave Sienna 0-0: Foul Ball, location: 2F
0-1: Swinging Strike
0-2: Strikes out swinging
Batting: RHB Vincent Klein 0-0: Ball
1-0: Ball
2-0: Ground out 6-3 (Groundball, 6S)
Tomás Costello to second
Batting: RHB Armando Chamú 0-0: Swinging Strike
0-1: Foul Ball, location: 2F
0-2: SINGLE (Line Drive, 6D)
Tomás Costello to third
Batting: RHB Raúl Moreno 0-0: Ball
1-0: Ball
2-0: Fly out, F3 (Popup, 3)
Top of the 4th over - 0 runs, 2 hits, 0 errors, 2 left on base; Durham 0 - Atlantic City 2
BOTTOM OF THE 4TH
Atlantic City Sonics batting - Pitching for Durham Rapiers : RHP Johnnie Bough
Batting: SHB Curt Pack 0-0: Ball
1-0: Ball
2-0: Called Strike
2-1: Foul Ball, location: 2F
2-2: Ball
3-2: Base on Balls
Batting: LHB Juan Ledezma 0-0: Swinging Strike
0-1: Ball
1-1: Grounds into double play, 4-6-3 (Groundball, 4)
Batting: RHB José Rodríguez 0-0: Ball
1-0: SINGLE (Groundball, 56D)
Batting: RHB Eddie Sachs 0-0: Foul Ball, location: 2F
0-1: Swinging Strike
0-2: SINGLE (Line Drive, 7S)
José Rodríguez to second
Batting: LHB Kelvin Abbott 0-0: Fly out, F2 (Popup, 2LF)
Bottom of the 4th over - 0 runs, 2 hits, 0 errors, 2 left on base; Durham 0 - Atlantic City 2
TOP OF THE 5TH
Durham Rapiers batting - Pitching for Atlantic City Sonics : RHP Lincoln Spooner
Batting: RHB Yoshi Kouda 0-0: Ball
1-0: Foul Ball, location: 2F
1-1: Called Strike
1-2: Ball
2-2: Ball
3-2: Ground out 6-3 (Groundball, 6)
Batting: RHB Lu-fang Koo 0-0: Ball
1-0: Called Strike
1-1: Fly out, F9 (Flyball, 9)
Batting: RHB Júlio Gonzáles 0-0: Foul Ball, location: 2F
0-1: Ball
1-1: Ball
2-1: Called Strike
2-2: Ground out 3-1 (Groundball, 34)
Top of the 5th over - 0 runs, 0 hits, 0 errors, 0 left on base; Durham 0 - Atlantic City 2
BOTTOM OF THE 5TH
Atlantic City Sonics batting - Pitching for Durham Rapiers : RHP Johnnie Bough
Batting: RHB Alejandro Sánchez 0-0: Ball
1-0: Ball
2-0: Called Strike
2-1: Swinging Strike
2-2: Ball
3-2: Strikes out looking
Batting: LHB José Pacheco 0-0: Ball
1-0: Ball
2-0: Called Strike
2-1: Foul Ball, location: 2F
2-2: SOLO HOME RUN (Flyball, 8LD), Distance : 440 ft
Batting: RHB Jeff Quesenberry 0-0: Called Strike
0-1: Ball
1-1: DOUBLE (Groundball, 5L)
Batting: RHB Malcolm Campbell 0-0: SINGLE (Groundball, 3S) (infield hit)
Jeff Quesenberry to third
Batting: SHB Curt Pack 0-0: Ball
1-0: Ball
2-0: Ball
3-0: Base on Balls
Malcolm Campbell to second
Batting: LHB Juan Ledezma 0-0: Ball
1-0: Foul Ball, location: 2F
1-1: Fly out, F8 (Flyball, 8RD)
Runner from 3rd tags up, SCORES, throw made
Batting: RHB José Rodríguez 0-0: Called Strike
0-1: Called Strike
0-2: Foul Ball, location: 2F
0-2: Ball
1-2: Ball
2-2: Foul Ball, location: 2F
2-2: Foul Ball, location: 2F
2-2: Foul Ball, location: 2F
2-2: Ball
3-2: SINGLE (Groundball, 56D)
Malcolm Campbell to third
Curt Pack to second
Malcolm Campbell scores
Curt Pack to third
Batting: RHB Eddie Sachs 0-0: Fly out, F3 (Line Drive, 3S)
Bottom of the 5th over - 3 runs, 4 hits, 0 errors, 2 left on base; Durham 0 - Atlantic City 5
TOP OF THE 6TH
Durham Rapiers batting - Pitching for Atlantic City Sonics : RHP Lincoln Spooner
Batting: LHB Alberto Garza 0-0: Called Strike
0-1: Ground out 4-3 (Groundball, 4)
Batting: RHB Tomás Costello 0-0: Foul Ball, location: 2F
0-1: Ball
1-1: Ball
2-1: Ball
3-1: Called Strike
3-2: Ground out 5-3 (Groundball, 5)
Batting: RHB Dave Sienna 0-0: Called Strike
0-1: Ball
1-1: Ground out 5-3 (Groundball, 56)
Top of the 6th over - 0 runs, 0 hits, 0 errors, 0 left on base; Durham 0 - Atlantic City 5
BOTTOM OF THE 6TH
Atlantic City Sonics batting - Pitching for Durham Rapiers : RHP Johnnie Bough
Pitching: RHP Archibald Bridgestone
Batting: LHB Kelvin Abbott 0-0: Called Strike
0-1: Foul Ball, location: 2F
0-2: Foul Ball, location: 2F
0-2: Ball
1-2: Ball
2-2: Ground out 4-3 (Groundball, 4)
Batting: RHB Alejandro Sánchez 0-0: Called Strike
0-1: Ball
1-1: Fly out, F7 (Line Drive, 7)
Batting: LHB José Pacheco 0-0: Ground out 4-3 (Groundball, 4M)
Bottom of the 6th over - 0 runs, 0 hits, 0 errors, 0 left on base; Durham 0 - Atlantic City 5
TOP OF THE 7TH
Durham Rapiers batting - Pitching for Atlantic City Sonics : RHP Lincoln Spooner
Batting: RHB Vincent Klein 0-0: Called Strike
0-1: Ball
1-1: Ball
2-1: Swinging Strike
2-2: Strikes out swinging, 2-3 out at first.
Batting: RHB Armando Chamú 0-0: Ball
1-0: Called Strike
1-1: Called Strike
1-2: Foul Ball, location: 2F
1-2: Ball
2-2: Foul Ball, location: 2F
2-2: SINGLE (Line Drive, 9S)
Batting: RHB Raúl Moreno 0-0: Foul Ball, location: 2F
0-1: Swinging Strike
0-2: Ball
1-2: Fly out, F9 (Flyball, 9S)
Batting: RHB Yoshi Kouda 0-0: Called Strike
0-1: Foul Ball, location: 2F
0-2: Ball
1-2: Ball
2-2: Ground out 4-3 (Groundball, 4)
Top of the 7th over - 0 runs, 1 hit, 0 errors, 1 left on base; Durham 0 - Atlantic City 5
BOTTOM OF THE 7TH
Atlantic City Sonics batting - Pitching for Durham Rapiers : RHP Archibald Bridgestone
Batting: RHB Jeff Quesenberry 0-0: Ball
1-0: Ball
2-0: Ball
3-0: Base on Balls
Batting: RHB Malcolm Campbell 0-0: Called Strike
0-1: Called Strike
0-2: Foul Ball, location: 2F
0-2: Ball
1-2: Ground out 4-3 (Groundball, 34)
Jeff Quesenberry to second
Batting: SHB Curt Pack 0-0: Ball
Jeff Quesenberry is caught stealing 3rd base
1-0: Ball
2-0: Called Strike
2-1: Fly out, F8 (Flyball, 8RM)
Bottom of the 7th over - 0 runs, 0 hits, 0 errors, 0 left on base; Durham 0 - Atlantic City 5
TOP OF THE 8TH
Durham Rapiers batting - Pitching for Atlantic City Sonics : RHP Lincoln Spooner
Batting: RHB Lu-fang Koo 0-0: Ball
1-0: Called Strike
1-1: Foul Ball, location: 2F
1-2: Ball
2-2: Fly out, F6 (Line Drive, 6)
Batting: RHB Júlio Gonzáles 0-0: Foul Ball, location: 2F
0-1: Ball
1-1: Called Strike
1-2: Strikes out looking
Batting: LHB Alberto Garza 0-0: Foul Ball, location: 2F
0-1: Ball
1-1: Swinging Strike
1-2: Ball
2-2: Foul Ball, location: 2F
2-2: DOUBLE (Line Drive, 7LM)
Batting: RHB Tomás Costello 0-0: Ball
1-0: Ball
2-0: Swinging Strike
2-1: Ball
3-1: Foul Ball, location: 2F
3-2: DOUBLE (Line Drive, 7LM)
Alberto Garza scores
Batting: RHB Dave Sienna 0-0: Called Strike
0-1: Ground out 5-3 (Groundball, 56S)
Top of the 8th over - 1 run, 2 hits, 0 errors, 1 left on base; Durham 1 - Atlantic City 5
BOTTOM OF THE 8TH
Atlantic City Sonics batting - Pitching for Durham Rapiers : RHP Archibald Bridgestone
Batting: LHB Juan Ledezma 0-0: Called Strike
0-1: Foul Ball, location: 2F
0-2: Ball
1-2: TRIPLE (Flyball, 9D)
Batting: RHB José Rodríguez 0-0: Swinging Strike
0-1: Ball
1-1: Called Strike
1-2: Strikes out swinging
Batting: RHB Eddie Sachs 0-0: Called Strike
0-1: Foul Ball, location: 2F
0-2: Ground out 5-3 (Groundball, 56S)
Batting: LHB Kelvin Abbott 0-0: Ball
1-0: Ball
2-0: Ground out 1-3 (Groundball, 15)
Bottom of the 8th over - 0 runs, 1 hit, 0 errors, 1 left on base; Durham 1 - Atlantic City 5
TOP OF THE 9TH
Durham Rapiers batting - Pitching for Atlantic City Sonics : RHP Lincoln Spooner
Batting: RHB Vincent Klein 0-0: Called Strike
0-1: Ball
1-1: SINGLE (Flyball, 9LM)
Batting: RHB Armando Chamú 0-0: Foul Ball, location: 2F
0-1: SINGLE (Groundball, 56D)
Vincent Klein to second
Pitching: LHP Doppo Omikado
Batting: RHB Raúl Moreno 0-0: Ball
1-0: Ball
2-0: Called Strike
2-1: Swinging Strike
2-2: Grounds into double play, 6-4-3 (Groundball, 6)
Vincent Klein to third
Batting: RHB Yoshi Kouda 0-0: Foul Ball, location: 2F
0-1: Ground out 5-3 (Groundball, 56)
Top of the 9th over - 0 runs, 2 hits, 0 errors, 1 left on base; Durham 1 - Atlantic City 5
Sunday, March 18th, 2018 - OOTP Baseball 18.8 Build 76